 Dungeon Crawl Stone Soup version 0.22.1-1-ga44c0e56f4 (webtiles) character file.

599 Ihlosi the Skirmisher (level 7, -3/76 HPs)
             Began as an Ogre Fighter on Oct 29, 2018.
             Slain by an ice beast (5 damage)
             ... on level 5 of the Dungeon.
             The game lasted 00:13:50 (4467 turns).

Ihlosi the Skirmisher (Ogre Fighter)                Turns: 4467, Time: 00:13:52

Health: -3/76      AC:  3    Str: 21    XL:     7   Next: 41%
Magic:  7/7        EV:  8    Int:  9    God:
Gold:   272        SH:  8    Dex: 10    Spells: 6/6 levels left

rFire    x . .     SeeInvis .   q - -3 flail (curse)
rCold    + . .     Gourm    .   c - +0 shield
rNeg     . . .     Faith    .   b - +0 robe
rPois    .         Spirit   .   (helmet restricted)
rElec    .         Reflect  .   r - scarf {cloud immunity}
rCorr    .         Harm     .   (gloves unavailable)
MR       .....                  (boots unavailable)
Stlth    +.........             (no amulet)
HPRegen  0.22/turn              p - ring of ice
MPRegen  0.10/turn              j - +3 ring of slaying

@: no status effects
A: large, unfitting armour, tough skin 1
a: no special abilities


You were on level 5 of the Dungeon.
You were not hungry.

You visited 1 branch of the dungeon, and saw 5 of its levels.

You collected 272 gold pieces.

Inventory:

Hand Weapons
 a - a +1 flail
 q - a cursed -3 flail (weapon)
Armour
 b - a +0 robe (worn)
 c - a +0 shield (worn)
 r - a scarf of cloud immunity (worn)
Jewellery
 j - a +3 ring of slaying (right hand)
 n - an uncursed ring of see invisible
 p - a ring of ice (left hand)
Wands
 o - a wand of disintegration (8)
 t - a wand of polymorph (10)
Scrolls
 d - a scroll of immolation
 l - 4 scrolls of identify
 m - a scroll of amnesia
Potions
 e - a potion of cancellation
Comestibles
 f - 8 rations
 g - 3 chunks of flesh


   Skills:
 * Level 6.9 Fighting
 + Level 5.0 Maces & Flails
 * Level 1.8 Armour
 - Level 3.0 Dodging
 - Level 3.0 Shields
 * Level 1.0 Evocations


You had 6 spell levels left.
You didn't know any spells.
Your spell library was empty.

Dungeon Overview and Level Annotations

Branches:
Dungeon (5/15)
 Temple: D:4-7

Altars:
Gozag
Nemelex Xobeh
Okawaru


Innate Abilities, Weirdness & Mutations

You are too large for most types of armour.
You have tough skin. (AC +1)


Message History

The ice beast freezes you!
* * * LOW HITPOINT WARNING * * *
Put on which piece of jewellery? (? for menu, Esc to quit)
You're wearing all the rings you can.
Remove which one? (? for menu, Esc to cancel) < or
n - a ring of see invisible; > or
j - a +3 ring of slaying You remove your ring of see invisible.
The ice beast hits you.
* * * LOW HITPOINT WARNING * * *
The ice beast freezes you!
* * * LOW HITPOINT WARNING * * *
You feel more attuned to ice.
p - a ring of ice (left hand)
You hit the ice beast.
The ice beast is lightly wounded.
The ice beast hits you.
* * * LOW HITPOINT WARNING * * *
The ice beast freezes you. You resist.
* * * LOW HITPOINT WARNING * * *
The ice beast hits you.
You die...

... #.. #.......#.## ..
... #.......≈≈≈≈ #. #.#
###..##.≈### # #.##.#
#.###.≈≈≈≈ ###.##....#
#.# ##≈≈#≈
........#.#####.####≈≈#
#...................≈≈#≈
..####.#######.###.≈≈≈≈
#@# #..##.≈### #Y#
##.###≈≈≈


ac. ##.## ##.. ...## #...# ## ....# #...# ...#.# #...# #...#.# #..>######
....... #[...[.... ####...#####. You could see an ice beast, a centaur and a
worker ant.

Vanquished Creatures
  An ogre (D:5)
  A bullfrog (D:5)
  An orc priest (D:4)
  A centaur skeleton (D:5)
  5 orc wizards (D:4)
  2 iguanas
  2 worker ants
  3 gnolls (D:4)
  2 adders
  An ooze (D:3)
  2 dart slugs
  2 leopard geckos
  11 orcs
  A bat (D:2)
  5 giant cockroaches
  6 goblins
  4 hobgoblins
  7 jackals (D:1)
  A quokka (D:1)
  5 frilled lizards
  5 kobolds
  A leopard gecko skeleton (D:3)
  14 rats
83 creatures vanquished.

Vanquished Creatures (others)
  An orc wizard (D:4)
1 creature vanquished.

Grand Total: 84 creatures vanquished

Notes
Turn   | Place    | Note
-------+----------+-------------------------------------------
     0 | D:1      | Ihlosi the Ogre Fighter began the quest for the Orb.
     0 | D:1      | Reached XP level 1. HP: 24/24 MP: 1/1
   109 | D:1      | Reached XP level 2. HP: 19/32 MP: 2/2
   391 | D:1      | Reached XP level 3. HP: 33/40 MP: 3/3
  1561 | D:3      | Reached XP level 4. HP: 47/49 MP: 4/4
  1776 | D:3      | Found a sparkling altar of Nemelex Xobeh.
  2079 | D:4      | Reached skill level 5 in Fighting
  2550 | D:5      | Entered Level 5 of the Dungeon
  2589 | D:4      | Reached XP level 5. HP: 33/57 MP: 5/5
  2621 | D:4      | Reached skill level 1 in Armour
  2662 | D:4      | HP: 2/59 [gnoll/whip (8)]
  2673 | D:4      | HP: 1/59 [orc (3)]
  3063 | D:4      | Reached XP level 6. HP: 65/67 MP: 6/6
  3275 | D:4      | Found an iron altar of Okawaru.
  3305 | D:4      | Reached skill level 6 in Fighting
  4120 | D:5      | Found an opulent altar of Gozag.
  4128 | D:5      | Reached XP level 7. HP: 50/76 MP: 7/7
  4406 | D:5      | Reached skill level 5 in Maces & Flails
  4406 | D:5      | Reached skill level 1 in Evocations
  4467 | D:5      | HP: 2/76 [ice beast (5)]
  4467 | D:5      | Slain by an ice beast

Skill      XL: |  1  2  3  4  5  6  7 |
---------------+----------------------+-----
Maces & Flails | 2 3 4 5 |  5.0
Shields        | 3 |  3.0
Dodging        | 3 |  3.0
Fighting       | 5 6 |  6.9
Armour         | 1 |  1.8
Evocations     | 1 |  1.0

Action                   |  1- 3 |  4- 6 |  7- 9 || total
-------------------------+-------+-------+-------++-------
Melee: Flail             |   136 |   210 |    26 ||   372
  Use: Scroll            |       |     9 |       ||     9
       Potion            |       |     8 |       ||     8
 Stab: Sleeping          |     1 |       |       ||     1
       Invisible         |       |     1 |       ||     1
  Eat: Chunk             |     1 |    10 |     1 ||    12
Armor: Robe              |    45 |    26 |     3 ||    74
       Skin              |       |     6 |       ||     6
Dodge: Dodged            |    47 |    63 |    10 ||   120
Block: Shield            |    55 |    93 |     6 ||   154
